 Dungeon Crawl Stone Soup version 0.32-a0-705-g60f233581c (webtiles) character file.

Game seed: 5555511300918733484

621 blademanzen the Chopper (level 7, -1/46 (53) HPs)
             Began as a Mountain Dwarf Fighter on Mar 14, 2024.
             Was a Believer of Hepliaklqana.
             Killed by divine providence
             ... invoked by an orc priest
              (13 damage)
             ... on level 6 of the Dungeon.
             The game lasted 00:30:09 (2858 turns).

blademanzen the Chopper (Mountain Dwarf Fighter)    Turns: 2858, Time: 00:30:17

HP:   -1/46 (53)    AC:  9    Str: 21    XL:     7   Next: 22%
MP:   7/7           EV:  8    Int: 14    God:    Hepliaklqana [**....]
Gold: 161           SH:  4    Dex: 11    Spells: 6/6 levels left

rFire   + + .        a - +0 war axe
rCold   + . .        c - +0 buckler
rNeg    . . .        q - +0 scale mail
rPois   .            (no helmet)
rElec   .            l - +0 cloak
rCorr   .            m - +0 pair of gloves of the True Pharaoh {rF++ rC+ Dex+2 Stlth+}
SInv    .            (no boots)
Will    .....        (no amulet)
Stlth   +            M - +6 ring of intelligence
HPRegen 0.27/turn    (no ring)
MPRegen 0.10/turn

%: no passive effects
@: heavily drained
A: reduced essence, runic magic, artefact enchanting
a: Renounce Religion, Recall Ancestor, Ancestor Identity


You were on level 6 of the Dungeon.
You worshipped Hepliaklqana.
Hepliaklqana was pleased with you.
You visited 1 branch of the dungeon, and saw 6 of its levels.

You collected 161 gold pieces.

Inventory:

Hand Weapons
 a - a +0 war axe (weapon)
 b - a +0 short sword
 f - a +0 dagger
 j - a +0 club
 k - a +0 club
 n - a +0 hand axe
 o - a +0 dagger
 p - a +0 mace
 r - a +0 mace
 t - a +0 whip
 v - a +0 club
 w - a +0 dagger
 y - the +0 dagger "Brush" {flame, ^Fragile rF++ Int+5}
   (You found it on level 2 of the Dungeon)

   Int+5:     It affects your intelligence (+5).
   rF++:      It greatly protects you from fire.
   ^Fragile:  It will be destroyed if unequipped.
 C - a +0 dagger
 D - a +0 dagger
 G - a +0 club
 H - a +0 club
 J - a +0 long sword
Missiles
 K - 2 javelins (quivered)
Armour
 c - a +0 buckler (worn)
 e - a +0 pair of gloves
 h - a +0 scale mail
 i - a +0 leather armour
 l - a +0 cloak (worn)
 m - the +0 pair of gloves of the True Pharaoh (worn) {rF++ rC+ Dex+2 Stlth+}
   (You acquired it on level 2 of the Dungeon)

   Dex+2:     It affects your dexterity (+2).
   rF++:      It greatly protects you from fire.
   rC+:       It protects you from cold.
   Stlth+:    It makes you more stealthy.
 q - a +0 scale mail (worn)
 s - a +0 leather armour
 A - a +0 ring mail {flame}
 B - a +0 ring mail
 E - a +0 leather armour
 F - a +0 ring mail
 I - a +0 leather armour
Magical Staves
 L - a staff of death
Jewellery
 M - a +6 ring of intelligence (left hand)
Wands
 N - a wand of charming (10)
Scrolls
 g - 2 scrolls of blinking
 x - 7 scrolls of identify
Potions
 d - 2 potions of might
 u - a potion of heal wounds
 z - a potion of magic


   Skills:
 + Level 4.3 Fighting
 + Level 6.9 Axes
 + Level 4.9 Armour
 + Level 1.0 Dodging
 * Level 1.4 Stealth
 + Level 4.1 Shields


You had 6 spell levels left.
You didn't know any spells.
Your spell library contained the following spells:

 Spells                   Type           Power      Damage    Failure   Level
 Call Imp                 Summ           0%         N/A       56%         2
 Sublimation of Blood     Necr           0%         N/A       56%         2
 Summon Hydra             Summ           0%         N/A       100%        7


Dungeon Overview and Level Annotations

Branches:
Dungeon (6/15)
 Temple: D:4-7

Altars:
Ashenzari
Hepliaklqana
Nemelex Xobeh

Shops:
D:4 (   D:6 :

Annotations:
D:4 Pikel
D:6 Jeremiah


Innate Abilities, Weirdness & Mutations

Your life essence is reduced to manifest your ancestor. (-10% HP)
Your spellcasting is much less encumbered by armour.
You can use scrolls of enchantment on lesser artefacts.


Message History

You closely miss the butterfly.
The butterfly disappears in a burst of colours!
The butterfly disappears in a burst of colours! 2 orcs come into view.
The butterfly disappears in a burst of colours! x2
You hit the butterfly.
You kill the butterfly!
The butterfly disappears in a burst of colours!
The orc shouts!
You hear a shout!
An orc warrior comes into view. It is wielding a +0 dire flail.
You closely miss the butterfly. x2
The orc shouts!
You hear a shout!
The butterfly disappears in a burst of colours!
An orc priest comes into view. It is wielding a +0 short sword.
You hit the butterfly.
You kill the butterfly!
The butterfly disappears in a burst of colours!
The orc priest calls down the wrath of Beogh upon you.
Beogh smites you!
Jeremiah mumbles a slurred invocation.
Something smites you!
* * * LOW HITPOINT WARNING * * *
You closely miss the orc. You miss the butterfly.
You barely miss the butterfly. You miss the butterfly.
The butterfly disappears in a burst of colours! x5
Jeremiah closely misses you.
You slash the orc!
You kill the orc!
You closely miss the butterfly. x2; You hit the orc warrior.
You miss the butterfly. You barely miss the butterfly.
You block Jeremiah's attack.
You hit the orc warrior but do no damage.
The orc warrior is lightly wounded.
You barely miss the butterfly. You miss the butterfly.
You barely miss the butterfly.
The butterfly disappears in a burst of colours! x2
The orc priest calls down the wrath of Beogh upon you.
Beogh smites you!
You die...
Hepliaklqana delivers you to your ancestors.

.~~..#........
##.≈≈...........
#.#ß.≈≈...........
.g###≈≈.b...b.....
..g#≈≈.o...b... .
ßg#≈≈.#F.o.. .
.#####≈≈.:.b.# .##
≈≈≈≈≈≈≈≈bbb@o# #..
≈≈≈≈≈≈≈≈.#...##...
..................#
..b.......b.....#.#
..#.........b.###.# .
.....b........#.#.# .#
.#..#............$....
##..<#..............#


You could see Jeremiah, an orc warrior, a gnoll bouda, an orc priest and an orc.

Vanquished Creatures
  An ogre (D:5)
  2 scorpions
  2 bombardier beetles (D:5)
  2 hounds
  2 iguanas
  6 adders
  2 ufetubi (D:5)
  4 ribbon worms
  4 dart slugs
  7 orcs
  4 bats
  6 endoplasms
  4 giant cockroaches
  8 goblins
  2 hobgoblins
  2 quokkas
  3 ball pythons
  2 frilled lizards
  4 rats
  A spectral kobold (D:2)
68 creatures vanquished.

Vanquished Creatures (collateral kills)
  A scorpion (D:5)
  An iguana (D:5)
  A ribbon worm (D:5)
  An orc (D:3)
  A ball python (D:4)
  A hobgoblin (D:2)
  A quokka (D:4)
7 creatures vanquished.

Vanquished Creatures (others)
  A knight (D:6)
  2 ancestors (D:4)
3 creatures vanquished.

Grand Total: 78 creatures vanquished

Notes
Turn   | Place    | Note
-------+----------+-------------------------------------------
     0 | D:1      | blademanzen the Mountain Dwarf Fighter began the quest for
                  | the Orb.
     0 | D:1      | Reached XP level 1. HP: 19/19 MP: 1/1
   221 | D:1      | Reached XP level 2. HP: 26/26 MP: 2/2
   352 | D:2      | Identified a scroll of acquirement
   352 | D:2      | Acquired the +0 pair of gloves of the True Pharaoh {rF++
                  | rC+ Dex+2 Stlth+}
   403 | D:2      | Found a hazy altar of Hepliaklqana.
   413 | D:2      | Became a worshipper of Hepliaklqana the Forgotten
   472 | D:2      | Reached XP level 3. HP: 25/31 MP: 3/3
   510 | D:2      | Reached skill level 3 in Axes
   564 | D:2      | Identified the +0 dagger "Brush" {flame, ^Fragile rF++
                  | Int+5}
   641 | D:2      | Found a faded altar of an unknown god.
   976 | D:3      | Reached XP level 4. HP: 40/40 MP: 4/4
  1007 | D:3      | Found a broken altar of Ashenzari.
  1238 | D:4      | Reached * piety under Hepliaklqana
  1346 | D:4      | Noticed a lemure
  1347 | D:4      | Noticed Pikel
  1347 | D:4      | Noticed a lemure
  1445 | D:3      | Found a sparkling altar of Nemelex Xobeh.
  1457 | D:3      | Reached skill level 4 in Axes
  1495 | D:4      | Noticed a lemure
  1770 | D:4      | Reached XP level 5. HP: 33/41 MP: 5/5
  1790 | D:4      | Reached skill level 5 in Axes
  2052 | D:4      | Found Ibarchus's Antique Weapon Shop.
  2149 | D:5      | Entered Level 5 of the Dungeon
  2156 | D:5      | Reached skill level 6 in Axes
  2156 | D:5      | Reached XP level 6. HP: 43/46 MP: 6/6
  2167 | D:5      | Reached ** piety under Hepliaklqana
  2174 | D:5      | Remembered your ancestor Cyn Tyz as a knight
  2285 | D:5      | Reached skill level 1 in Stealth
  2285 | D:5      | Reached XP level 7. HP: 19/53 MP: 7/7
  2400 | D:5      | Reached skill level 1 in Dodging
  2794 | D:6      | Noticed Jeremiah
  2794 | D:6      | Found Kunyor's Book Emporium.
  2858 | D:6      | Killed from afar by an orc priest

Illustrated notes

Levels and vault maps discovered:
D:1:      scummos_arrival_star, layout_rooms
D:2:      layout_loops_ring, basic_altar,
          dreamdust_ecumenical_altar_drowned_temple
D:3:      layout_rooms, ashenzari_altar_1, nemelex_dance_club_becter,
          serial_bayou_pond_a, kennysheep_minor_cross
D:4:      layout_gridville, serial_shops, nicolae_square_shop, uniq_pikel
D:5:      nicolae_cairo_tiling_large_dashed, layout_loops_ring
D:6:      layout_cave_pools, minmay_overflow_temple_hex,
          gammafunk_temple_overflow_pools, serial_shops,
          nicolae_shop_tiny_glass, gammafunk_ghost_gnarly_gnolls, uniq_jeremiah

Skill      XL: |  1  2  3  4  5  6  7 |
---------------+----------------------+-----
Axes           | 3 4 6 |  6.9
Armour         | 4 |  4.9
Fighting       | 4 |  4.3
Shields        | 4 |  4.1
Stealth        | 1 |  1.4
Dodging        | 1 |  1.0

Action                     |  1- 3 |  4- 6 |  7- 9 || total
---------------------------+-------+-------+-------++-------
  Melee: War axe           |   124 |   102 |    48 ||   274
  Throw: Javelin           |       |     1 |       ||     1
 Invoke: Ancestor Identity |       |     1 |       ||     1
         Ancestor Life: Kn |       |     1 |       ||     1
    Use: Scroll            |     5 |     1 |       ||     6
         Potion            |       |     5 |       ||     5
   Stab: Distracted        |       |     1 |       ||     1
 Armour: Scale mail        |   101 |    82 |    17 ||   200
  Dodge: Dodged            |    57 |    49 |     9 ||   115
  Block: Buckler           |    19 |    24 |     5 ||    48

Table legend: (Time is in decaauts)
 A = Elapsed time spent in this place.
 B = Non-inter-level travel time spent in this place.
 C = Inter-level travel time spent in this place.
 D = Time resting spent in this place.
 E = Time spent auto-exploring this place.
 F = Levels seen in this place.
 G = Mean time per level.
                   A        B        C        D        E       F      G
               +--------+--------+--------+--------+--------+-----+--------+
         Total |   2948 |    814 |   2134 |      0 |      0 |   6 |  491.3 |
       Dungeon |   2948 |    814 |   2134 |      0 |      0 |   6 |  491.3 |
               +--------+--------+--------+--------+--------+-----+--------+

Top non-repeatable levels by time:
     D:4: 826 daAuts
     D:5: 657 daAuts
     D:2: 569 daAuts
     D:3: 466 daAuts
     D:1: 361 daAuts
     D:6: 68 daAuts
